 Dungeon Crawl Stone Soup version 0.31.0-9-g3a7656b989 (webtiles) character file.

Game seed: 8656383879679895134

1022 qw the Nimble (level 8, 0/39 HPs)
             Began as a Spriggan Hunter on Feb 2, 2024.
             Was an Initiate of Okawaru.
             Slain by an ufetubus (4 damage)
             ... on level 6 of the Dungeon.
             The game lasted 00:00:20 (4092 turns).

qw the Nimble (Spriggan Hunter)                     Turns: 4092, Time: 00:00:20

Health: 0/39       AC:  7    Str: 13    XL:     8   Next: 2%
Magic:  9/9        EV: 24    Int: 10    God:    Okawaru [......]
Gold:   248        SH:  0    Dex: 21    Spells: 7/7 levels left

rFire   . . .        e - +0 orcbow
rCold   . . .        (shield currently unavailable)
rNeg    . . .        c - +1 robe
rPois   .            (helmet restricted)
rElec   .            h - scarf {repulsion}
rCorr   .            (gloves unavailable)
SInv    +            (boots unavailable)
Will    +....        (no amulet)
Stlth   ++           d - +4 ring of protection
HPRegen 0.26/turn    n - +6 ring of strength
MPRegen 0.11/turn

%: repel missiles
@: very quick
A: very small, no large weapons, unfitting armour, see invisible, speed 3
a: Renounce Religion


You were on level 6 of the Dungeon.
You worshipped Okawaru.
Okawaru was noncommittal.
You visited 2 branches of the dungeon, and saw 7 of its levels.

You collected 248 gold pieces.


Innate Abilities, Weirdness & Mutations

You are very small and have problems with some larger weapons.
You are too small for most types of armour.
You have supernaturally acute eyesight. (SInv)
You cover ground extremely quickly. (Speed+++)


   Skills:
 + Level 2.0 Fighting
 - Level 8.0 Ranged Weapons
 - Level 8.2 Dodging
 - Level 1.5 Stealth


You had 7 spell levels left.
You didn't know any spells.
Your spell library was empty.

Inventory:

Hand Weapons
 e - a +0 orcbow (weapon)
Armour
 c - a +1 robe (worn)
 h - a scarf of repulsion (worn)
 i - a +0 cloak
Jewellery
 b - a ring of fire
 d - a +4 ring of protection (left hand)
 n - a +6 ring of strength (right hand)
Wands
 j - a wand of acid (6)
 k - a wand of iceblast (9)
Potions
 a - 2 potions of haste
 g - a potion of might

Dungeon Overview and Level Annotations

Branches:
Dungeon (6/15)             Temple (1/1) D:5

Altars:
Ashenzari
Cheibriados
Dithmenos
Elyvilon
Fedhas
Gozag
Kikubaaqudgha
Nemelex Xobeh
Okawaru
Qazlal
Ru
Trog

Shops:
D:1 ?

Portals:
Abyss: D:3

Annotations:
D:3 2 transporters, qw's ghost, amateur DEHu
D:6 Menkaure


Message History

Menkaure closely misses you. The ufetubus completely misses you. x2
4089 ||| RETREEEEATING.
You shoot an arrow.
The arrow closely misses the orc wizard.
The ufetubus barely misses you. x2; The adder misses you.
The ufetubus completely misses you. x2
Menkaure calls on the powers of darkness!
The orc wizard convulses!
Your body is wracked with pain!
The orc convulses!
The orc wizard casts a spell at you.
You are confused.
The ufetubus closely misses you. The ufetubus completely misses you.
The adder completely misses you.
Menkaure murmurs, "Let me perform the rites..."
Menkaure misses you. The ufetubus misses you. x2
4090 ||| DRINKING potion of curing.
You feel better.
4090 ||| (to cure confusion)
The ufetubus closely misses you. x2
The ufetubus hits you but does no damage.
The ufetubus barely misses you.
The orc wizard gestures at you while chanting.
The magic dart hits you but does no damage.
The adder closely misses you. Menkaure closely misses you.
The ufetubus misses you. The ufetubus barely misses you.
4091 ||| RETREEEEATING.
You shoot an arrow. The arrow barely misses the orc wizard.
The ufetubus completely misses you. The ufetubus misses you.
The adder completely misses you. The ufetubus closely misses you.
The ufetubus hits you. Menkaure casts a spell at you.
Pain shoots through your body!
The orc wizard hits you but does no damage.
The ufetubus misses you. The ufetubus closely misses you.
The adder closely misses you.
4092 ||| RETREEEEATING.
You shoot an arrow. The arrow hits the orc wizard.
The orc wizard is severely wounded.
The ufetubus completely misses you. The ufetubus misses you.
Menkaure completely misses you. The ufetubus completely misses you.
The ufetubus closely misses you.
The orc wizard hits you with a +0 dagger.
The adder closely misses you. The ufetubus hits you.
You die...

.#. #.# # # #.# #. .#
#.# .. ###.# #.#
#.#.######... #.#
........##.#####.##
#)..M5o.........#
.###@##ยค######.######
......S5##.# #.......
.......o##.# ########
#..###..##.# ##
#..##.# #..##.#
...##.# #.##


You could see Menkaure (fast), an orc wizard, an adder, 2 ufetubi and an orc.

Vanquished Creatures
  2 black bears
  An ogre (D:5)
  A phantom (D:6)
  2 scorpions
  2 bombardier beetles
  A howler monkey (D:4)
  2 jellies (D:5)
  2 orc priests (D:3)
  Ijyb (D:5)
  Jessica (D:2)
  2 iguanas
  Robin (D:3)
  6 adders
  3 gnolls (D:6)
  A shadow imp (D:4)
  2 ufetubi (D:5)
  4 ribbon worms
  13 orcs
  4 bats
  9 endoplasms
  3 giant cockroaches
  16 goblins
  A hobgoblin (D:3)
  8 jackals
  8 kobolds
  5 quokkas
  7 ball pythons
  4 frilled lizards
  6 rats
118 creatures vanquished.

Notes
Turn   | Place    | Note
-------+----------+-------------------------------------------
     0 | D:1      | qw the Spriggan Hunter began the quest for the Orb.
     0 | D:1      | Reached XP level 1. HP: 10/10 MP: 2/2
     0 | D:1      | 0 ||| qw: Version: 0.3-a-155-g5e7d8dd
     0 | D:1      | 0 ||| qw: Game counter: 2236
     0 | D:1      | 0 ||| qw: Melee chars always use a shield: true
     0 | D:1      | 0 ||| qw: God list: Okawaru
     0 | D:1      | 0 ||| qw: Allow faded altars: false
     0 | D:1      | 0 ||| qw: Do Orc after clearing Dungeon:15 true
     0 | D:1      | 0 ||| qw: Do second Lair branch before Depths: true
     0 | D:1      | 0 ||| qw: Lair rune preference: random
     0 | D:1      | 0 ||| qw: Goals: Normal
     0 | D:1      | 0 ||| PLANNING D:1-11
    24 | D:1      | Reached skill level 3 in Dodging
   111 | D:1      | Found Kine's Magic Scroll Emporium.
   120 | D:1      | 120 ||| SHOPLISTING 2 scrolls of teleportation (66 gold,
                  | have 13).
   120 | D:1      | 120 ||| SHOPLISTING scroll of teleportation (33 gold, have
                  | 13).
   140 | D:1      | Reached XP level 2. HP: 14/14 MP: 3/3
   185 | D:1      | 185 ||| SWAPPING to +0 orcbow.
   191 | D:1      | 191 ||| DROPPING +0 shortbow.
   519 | D:1      | Found a faded altar of an unknown god.
   528 | D:1      | 528 ||| UPGRADING to +4 ring of protection.
   529 | D:1      | 529 ||| READING scroll labelled NAYQATUMUN.
   529 | D:1      | 529 ||| IDENTIFYING 2 ruby potions
   530 | D:1      | 530 ||| DRINKING 2 black potions.
   531 | D:1      | 531 ||| DROPPING scroll of butterflies.
   623 | D:2      | Reached XP level 3. HP: 18/18 MP: 4/4
   973 | D:2      | Noticed Jessica
   979 | D:2      | 979 ||| DRINKING 2 potions of haste.
   983 | D:2      | Killed Jessica
   984 | D:2      | Reached XP level 4. HP: 18/22 MP: 5/5
  1300 | D:2      | 1300 ||| READING scroll labelled YCUCAH FEUPI.
  1301 | D:2      | 1301 ||| READING scroll labelled JAEPTECAESH.
  1302 | D:2      | 1302 ||| READING scroll labelled XIXKANWOEPH.
  1473 | D:3      | Noticed a toenail golem
  1475 | D:3      | Found a transporter.
  1546 | D:3      | Noticed Robin
  1562 | D:3      | Reached XP level 5. HP: 11/26 MP: 6/6
  1564 | D:3      | Killed Robin
  1655 | D:3      | Found a one-way gate to the infinite horrors of the Abyss.
  1655 | D:3      | Noticed qw's ghost (amateur DEHu)
  1807 | D:3      | Found a transporter.
  2100 | D:3      | Reached skill level 6 in Ranged Weapons
  2186 | D:3      | 2186 ||| UPGRADING to +6 ring of strength.
  2187 | D:3      | 2187 ||| READING 3 scrolls of identify.
  2187 | D:3      | 2187 ||| IDENTIFYING cyan potion
  2188 | D:3      | 2188 ||| READING 2 scrolls of identify.
  2188 | D:3      | 2188 ||| IDENTIFYING bubbling grey potion
  2189 | D:3      | 2189 ||| READING scroll of identify.
  2189 | D:3      | 2189 ||| IDENTIFYING scroll labelled UFELAULETWO
  2190 | D:3      | 2190 ||| READING scroll labelled BODYRA DIOBBE.
  2191 | D:3      | 2191 ||| READING scroll labelled SIEZXU INGAEPN.
  2192 | D:3      | 2192 ||| DROPPING potion of brilliance.
  2193 | D:3      | 2193 ||| DROPPING scroll of fear.
  2194 | D:3      | 2194 ||| DROPPING potion of attraction.
  2244 | D:4      | Found a sacrificial altar of Ru.
  2375 | D:4      | 2375 ||| RETREEEEATING.
  2376 | D:4      | 2376 ||| RETREEEEATING.
  2377 | D:4      | 2377 ||| RETREEEEATING.
  2381 | D:4      | Reached XP level 6. HP: 30/30 MP: 7/7
  2399 | D:4      | Reached skill level 6 in Dodging
  2434 | D:4      | 2434 ||| FLEEEEING.
  2435 | D:4      | 2435 ||| FLEEEEING.
  2768 | D:4      | Found a snail-covered altar of Cheibriados.
  2769 | D:4      | 2769 ||| UPGRADING to scarf of repulsion.
  3128 | D:5      | Entered Level 5 of the Dungeon
  3168 | D:5      | 3168 ||| ZAPPING wand of acid (7) at 0,-1 (black bear;
                  | floor).
  3169 | D:5      | Reached XP level 7. HP: 25/35 MP: 8/8
  3172 | D:5      | 3172 ||| FLEEEEING.
  3287 | D:5      | 3287 ||| FLEEEEING.
  3288 | D:5      | 3288 ||| FLEEEEING.
  3289 | D:5      | 3289 ||| FLEEEEING.
  3290 | D:5      | 3290 ||| FLEEEEING.
  3291 | D:5      | 3291 ||| FLEEEEING.
  3295 | D:5      | 3295 ||| FLEEEEING.
  3296 | D:5      | 3296 ||| FLEEEEING.
  3297 | D:5      | 3297 ||| FLEEEEING.
  3299 | D:5      | 3299 ||| FLEEEEING.
  3300 | D:5      | 3300 ||| FLEEEEING.
  3301 | D:5      | 3301 ||| FLEEEEING.
  3302 | D:5      | 3302 ||| FLEEEEING.
  3366 | D:5      | Noticed Ijyb
  3382 | D:5      | Killed Ijyb
  3449 | D:5      | Found a staircase to the Ecumenical Temple.
  3450 | D:5      | 3450 ||| PLANNING TEMPLE
  3450 | D:5      | 3450 ||| DROPPING ring of positive energy.
  3451 | D:5      | 3451 ||| READING scroll of identify.
  3451 | D:5      | 3451 ||| IDENTIFYING amethyst potion
  3460 | Temple   | Entered the Ecumenical Temple
  3461 | Temple   | 3461 ||| PLANNING OKAWARU WORSHIP
  3490 | Temple   | Became a worshipper of Warmaster Okawaru
  3491 | Temple   | 3491 ||| PLANNING D:1-11
  3991 | D:5      | 3991 ||| READING scroll labelled BETIGH QONOKH.
  3991 | D:5      | 3991 ||| ENCHANTING +0 robe.
  4075 | D:6      | 4075 ||| RETREEEEATING.
  4075 | D:6      | Noticed Menkaure
  4076 | D:6      | 4076 ||| RETREEEEATING.
  4077 | D:6      | 4077 ||| RETREEEEATING.
  4078 | D:6      | 4078 ||| RETREEEEATING.
  4079 | D:6      | 4079 ||| RETREEEEATING.
  4080 | D:6      | Reached XP level 8. HP: 16/39 MP: 9/9
  4085 | D:6      | 4085 ||| RETREEEEATING.
  4086 | D:6      | 4086 ||| RETREEEEATING.
  4087 | D:6      | 4087 ||| RETREEEEATING.
  4088 | D:6      | 4088 ||| RETREEEEATING.
  4089 | D:6      | 4089 ||| RETREEEEATING.
  4089 | D:6      | HP: 7/39 [??? (4)]
  4090 | D:6      | 4090 ||| DRINKING potion of curing.
  4090 | D:6      | 4090 ||| (to cure confusion)
  4091 | D:6      | 4091 ||| RETREEEEATING.
  4092 | D:6      | 4092 ||| RETREEEEATING.
  4092 | D:6      | Slain by an ufetubus

Levels and vault maps discovered:
D:1:      dpeg_arrival_fog, layout_loops_cross, basic_ecumenical_altar,
          serial_shops, shop
D:2:      layout_basic, uniq_jessica
D:3:      layout_loops_ring, gammafunk_ghost_abyssal_escape, uniq_robin
D:4:      layout_cave_pools, lemuel_round_altar, cheibrodos_worm_habitat,
          serial_library, serial_library_hellmonk_long_bookcase,
          serial_library_regret_index_split_case,
          serial_library_hellmonk_angled_corner,
          serial_library_hellmonk_narrow_alcove,
          serial_library_regret_index_split_case,
          serial_library_regret_index_branch_corner,
          serial_library_regret_index_multi, serial_library_regret_index_multi
D:5:      layout_loops_ring, minmay_temple_entry_mist, minmay_tree_intersection,
          fountainhead, uniq_ijyb
D:6:      layout_loops_ring, makhleb_grotto_becter, uniq_menkaure, uniq_grinder,
          uniq_pikel
Temple:   jpeg_temple_alley_garden

Skill      XL: |  1  2  3  4  5  6  7 |
---------------+----------------------+-----
Dodging        | 3 4 5 7 8 |  8.2
Ranged Weapons | 5 6 7 8 |  8.0
Fighting       | 2 |  2.0
Stealth        | |  1.5

Action                     |  1- 3 |  4- 6 |  7- 9 || total
---------------------------+-------+-------+-------++-------
   Fire: Shortbow          |    20 |       |       ||    20
         Orcbow            |    73 |   195 |   108 ||   376
  Evoke: Wand              |       |     1 |       ||     1
    Use: Potion            |     2 |       |     1 ||     3
         Scroll            |     1 |     8 |     2 ||    11
 Armour: Robe              |     5 |    59 |    42 ||   106
  Dodge: Dodged            |    22 |   176 |   219 ||   417

Table legend:
 A = Non-vault XP
 B = Vault XP
 C = Vault XP percentage of total XP
 D = Non-vault monster count
 E = Vault monster count
 F = Vault count percentage of total count
                 A         B        C        D         E       F
            +---------+---------+-------+---------+---------+-------
      Total |    1336 |     125 |   8.6 |     103 |      15 |  12.7
            +---------+---------+-------+---------+---------+-------
        D:1 |      38 |       0 |   0.0 |      23 |       0 |   0.0
        D:2 |      48 |      37 |  43.5 |      18 |       1 |   5.3
        D:3 |     177 |      34 |  16.1 |      16 |      11 |  40.7
        D:4 |     354 |      16 |   4.3 |      18 |       2 |  10.0
        D:5 |     568 |      38 |   6.3 |      22 |       1 |   4.3
        D:6 |     151 |       0 |   0.0 |       6 |       0 |   0.0
            +---------+---------+-------+---------+---------+-------
